 Dungeon Crawl Stone Soup version 0.28.0-45-g0d030f2227 (webtiles) character file.

Game seed: 12024095275817259562

86 Kangaroobicon the Covered (level 4, -1/28 HPs)
             Began as a Gargoyle Fighter on Apr 10, 2022.
             Slain by a worm (7 damage)
             ... on level 3 of the Dungeon.
             The game lasted 00:17:47 (2195 turns).

Kangaroobicon the Covered (Gargoyle Fighter)        Turns: 2195, Time: 00:17:50

Health: -1/28      AC: 14    Str: 20    XL:     4   Next: 49%
Magic:  4/4        EV:  4    Int:  8    God:
Gold:   155        SH:  4    Dex: 11    Spells: 3/3 levels left

rFire   + . .      SeeInvis .   a - +0 flail
rCold   x . .      Faith    .   c - +0 buckler
rNeg    + . .      Spirit   .   j - +0 chain mail
rPois   ∞          Reflect  .   (no helmet)
rElec   +          Harm     .   (no cloak)
rCorr   .          Rampage  .   s - +0 pair of gloves
Will    .....                   (no boots)
Stlth   ..........              (no amulet)
HPRegen 0.09/turn               u - ring of fire
MPRegen 0.09/turn               (no ring)

@: mighty, constricted
A: sickness immunity, AC +3, negative energy resistance 1, electricity
resistance, torment resistance 1, petrification resistance
a: no special abilities


You were on level 3 of the Dungeon.
You visited 1 branch of the dungeon, and saw 3 of its levels.

You collected 155 gold pieces.

Inventory:

Hand Weapons
 a - a +0 flail (weapon)
 p - a +1 short sword of draining
 q - a +0 hunting sling
Missiles
 g - 17 bolts
 l - 65 stones (quivered)
 o - 24 arrows
 t - 5 poisoned darts
Armour
 c - a +0 buckler (worn)
 j - a +0 chain mail (worn)
 s - a +0 pair of gloves (worn)
Magical Staves
 k - a staff of conjuration
Jewellery
 u - a ring of fire (left hand)
Scrolls
 e - 2 scrolls of silence {unknown}
 f - a scroll of teleportation {unknown}
 m - a scroll of magic mapping {unknown}
 n - a scroll of immolation {unknown}
 r - 2 scrolls of identify {unknown}
Potions
 b - a potion of curing {unknown}
 h - 3 potions of heal wounds {unknown}
 i - 2 potions of attraction {unknown}


   Skills:
 + Level 3.6 Fighting
 + Level 3.2 Maces & Flails
 + Level 4.2 Armour
 + Level 0.1 Dodging
 + Level 0.2 Stealth
 + Level 3.5 Shields


You had 3 spell levels left.
You didn't know any spells.
Your spell library was empty.

Dungeon Overview and Level Annotations

Branches:
Dungeon (3/15)

Altars:
Trog


Innate Abilities, Weirdness & Mutations

You are immune to sickness and miasma.
Your stone body is resilient. (AC +3)
You are immune to poison.
You resist negative energy. (rN+)
You are resistant to electric shocks. (rElec)
You are resistant to unholy torment.
You are immune to petrification.


Message History

You kill the ball python!
You hear an angry hiss.
A worm comes into view.
A ball python comes into view.
You sock the worm!
The worm is moderately wounded.
You block the endoplasm's attack.
You barely miss the worm.
The worm is moderately wounded.
The worm bites you. The endoplasm freezes you.
You are frozen.
You hit the worm.
The worm is heavily wounded.
The endoplasm barely misses you. The worm bites you.
A goblin comes into view.
It is wielding a +0 dagger of electrocution.
You block the goblin's attack.
You completely miss the worm.
The worm is heavily wounded.
The endoplasm hits you but does no damage.
The goblin hits you but does no damage. You block the worm's attack.
You hit the worm.
The worm is heavily wounded.
The endoplasm hits you. The goblin hits you but does no damage.
The ball python bites you but does no damage.
The ball python grabs you. The ball python constricts you.
The endoplasm freezes you.
You are frozen.
You feel a terrible chill! The worm bites you!
* * * LOW HITPOINT WARNING * * *
You feel very mighty all of a sudden.
The ball python bites you but does no damage.
The ball python constricts you. The goblin hits you but does no damage.
The endoplasm hits you but does no damage.
You sock the endoplasm!
You kill the endoplasm!
The ball python bites you.
* * * LOW HITPOINT WARNING * * *
The ball python constricts you. The goblin hits you but does no damage.
The ball python bites you but does no damage.
The ball python constricts you. The worm bites you!
You die...

.# .. ....#####
####.!...... ..?...
...## ..... ...# #..#
#w.# #S.####@.##.#
#.....ggS...#
#.............#
#..####..####.#.#
###..####..# #.#.#
#..........# #.#.#
#.#..####.## #.#.#
#.#.#..## #.#####.#.#
#.......###.........#


You could see a worm, 2 goblins and a ball python.

Vanquished Creatures
  2 adders (D:2)
  An ufetubus (D:3)
  2 dart slugs (D:1)
  6 ball pythons
  5 endoplasms
  A giant cockroach (D:1)
  8 hobgoblins
  2 jackals (D:2)
  3 quokkas
  3 bats
  5 frilled lizards
  8 goblins
  5 kobolds
  3 rats
54 creatures vanquished.

Vanquished Creatures (others)
  A fungus (D:1)
  5 toadstools (D:1)
6 creatures vanquished.

Grand Total: 60 creatures vanquished

Notes
Turn   | Place    | Note
-------+----------+-------------------------------------------
     0 | D:1      | Kangaroobicon the Gargoyle Fighter began the quest for the
                  | Orb.
     0 | D:1      | Reached XP level 1. HP: 14/14 MP: 1/1
   189 | D:1      | Reached XP level 2. HP: 17/19 MP: 2/2
   715 | D:1      | Reached XP level 3. HP: 23/23 MP: 3/3
   993 | D:2      | Reached skill level 4 in Armour
  1275 | D:2      | Found a faded altar of an unknown god.
  1279 | D:2      | Found a bloodstained altar of Trog.
  1321 | D:2      | Reached XP level 4. HP: 27/28 MP: 4/4
  2195 | D:3      | Slain by a worm

Illustrated notes

Levels and vault maps discovered:
D:1:      wheals_arrival_shading, layout_basic, minmay_gold_behind_fungi
D:2:      layout_basic, basic_ecumenical_altar, basic_altar
D:3:      layout_loops_ring, chequers_mini_garden

Skill      XL: |  1  2  3  4 |
---------------+-------------+-----
Armour         | 4 |  4.2
Maces & Flails | 3 |  3.2
Fighting       | |  3.6
Dodging        | |  0.1
Stealth        | |  0.2
Shields        | |  3.5

Action                   |  1- 3 |  4- 6 || total
-------------------------+-------+-------++-------
Melee: Flail             |   131 |    36 ||   167
       Short sword       |     3 |     7 ||    10
  Use: Potion            |       |     1 ||     1
Armor: Scale mail        |     6 |       ||     6
       Chain mail        |    96 |    37 ||   133
Dodge: Dodged            |    59 |    22 ||    81
Block: Buckler           |    31 |    11 ||    42
